 Seeded DCSS version 0.24-a0-580-g6a6c3f8 (webtiles) character file.

Game seed: 6667501478392062351

620 DrEnzyme the Sneak (level 7, 0/41 HPs)
             Began as a Deep Elf Monk on Aug 21, 2019.
             Was a Believer of Sif Muna.
             Killed from afar by an orc wizard (4 damage)
             ... with a puff of frost
             ... on level 5 of the Dungeon.
             The game lasted 00:27:58 (7213 turns).

DrEnzyme the Sneak (Deep Elf Monk)                  Turns: 7213, Time: 00:27:59

Health: 0/41       AC:  7    Str:  9    XL:     7   Next: 22%
Magic:  9/9        EV: 14    Int: 16    God:    Sif Muna [**....]
Gold:   285        SH:  0    Dex: 17    Spells: 6/6 levels left

rFire    . . .     SeeInvis .   a - +0 falchion
rCold    . . .     Gourm    .   (no shield)
rNeg     . . .     Faith    .   p - +3 leather armour
rPois    .         Spirit   .   q - +0 helmet
rElec    .         Reflect  .   (no cloak)
rCorr    .         Harm     .   (no gloves)
MR       .....                  (no boots)
Stlth    +++.......             (no amulet)
HPRegen  0.13/turn              (no ring)
MPRegen  0.11/turn              (no ring)

@: very slightly contaminated
A: no striking features
a: Channel Magic, Renounce Religion


You were on level 5 of the Dungeon.
You worshipped Sif Muna.
Sif Muna was pleased with you.
You were hungry.

You visited 2 branches of the dungeon, and saw 7 of its levels.

You collected 285 gold pieces.

Inventory:

Hand Weapons
 a - a +0 falchion (weapon)
 b - a +0 hunting sling
 c - a +0 shortbow
Missiles
 e - 70 sling bullets
 m - 52 arrows
 s - 2 throwing nets (quivered)
Armour
 d - a +0 robe
 p - a +3 leather armour (worn)
 q - a +0 helmet (worn)
 w - the +1 ring mail of Rimurgh {rPois rC+ rCorr Slay-6}
   (You found it on level 5 of the Dungeon)

   It affects your accuracy and damage with ranged weapons and melee attacks
   (-6).
   It protects you from cold.
   It protects you from poison.
   It provides partial protection from all sources of acid and corrosion.
Scrolls
 h - 5 scrolls of remove curse
 i - a scroll of fog {unknown}
 j - a scroll of random uselessness {unknown}
 l - a scroll of magic mapping {unknown}
 n - 3 scrolls of teleportation {unknown}
 o - a scroll of enchant armour {unknown}
 r - 2 scrolls of enchant weapon {unknown}
Potions
 g - a potion of flight
 t - a potion of degeneration
Comestibles
 f - 7 rations


   Skills:
 + Level 3.4 Fighting
 + Level 4.2 Long Blades
 - Level 3.1 Slings
 * Level 0.9 Bows
 + Level 1.5 Armour
 + Level 4.6 Dodging
 + Level 4.8 Stealth


You had 6 spell levels left.
You didn't know any spells.
Your spell library was empty.

Dungeon Overview and Level Annotations

Branches:
Dungeon (6/15)             Temple (1/1) D:5

Altars:
Ashenzari
Cheibriados
Dithmenos
Elyvilon
Fedhas
Gozag
Hepliaklqana
Kikubaaqudgha
Makhleb
Ru
Sif Muna
Uskayaw
Vehumet
Wu Jian
Xom
The Shining One

Annotations:
D:1 exclusion: dart slug
D:2 exclusions: downstairs and hound
D:4 4 runed translucent doors, exclusions: 4 doors and ogre


Message History

The orc wizard misses you.
You riposte.
You hit the orc wizard.
The orc wizard is heavily wounded.
You hit the orc wizard.
The orc wizard is heavily wounded.
The orc wizard gestures at you while chanting.
The puff of flame hits you!
* * * LOW HITPOINT WARNING * * *
The orc wizard hits you but does no damage.
You hit the orc wizard but do no damage.
The orc wizard is heavily wounded.
The orc wizard miscasts a cantrip.
Okay, then.
You aren't carrying any items that you can evoke.
Blink to where?
Press: ? - help, Dir - move target cursor You are very lightly contaminated with residual magic.
As you read the scroll of blinking, it crumbles to dust.
The orc wizard casts a spell at you. The puff of frost hits you.
You die...

#####.......##....##
..##......#..#...##
.....######..#..##
......###.......###
........#.........#
.....#............#
.#####............# .##
#.............# ..#
#.........##@## .##
#..#.......#.#
..###..#.........#
.................#### ###
.##.................# #.###
##..................## ##...#
#..............o.#...###....#
..........#.....##....##....#
#..<......#................##


You could see an orc wizard.

Vanquished Creatures
  A centaur (D:5)
  A wyvern skeleton (D:5)
  A howler monkey (D:5)
  A hound (D:5)
  An orc priest (D:3)
  4 orc wizards
  5 worker ants
  A howler monkey skeleton (D:4)
  5 adders
  2 oozes
  A worm (D:4)
  2 adder skeletons
  3 dart slugs
  3 leopard geckos
  7 orcs
  9 giant cockroaches (D:2)
  5 hobgoblins
  4 jackals (D:4)
  4 kobolds
  2 quokkas
  A ball python (D:2)
  8 bats
  8 frilled lizards
  7 goblins
  A leopard gecko skeleton (D:4)
  A quokka skeleton (D:5)
  3 rats
91 creatures vanquished.

Notes
Turn   | Place    | Note
-------+----------+-------------------------------------------
     0 | D:1      | DrEnzyme the Deep Elf Monk began the quest for the Orb.
     0 | D:1      | Reached XP level 1. HP: 13/13 MP: 3/3
   627 | D:1      | Reached XP level 2. HP: 18/18 MP: 4/4
  1458 | D:2      | Reached XP level 3. HP: 22/22 MP: 5/5
  1804 | D:2      | Found a snail-covered altar of Cheibriados.
  1958 | D:2      | Found a shattered altar of Ashenzari.
  2242 | D:2      | Reached skill level 1 in Slings
  2455 | D:2      | Found an ancient bone altar of Kikubaaqudgha.
  3178 | D:3      | Reached XP level 4. HP: 22/27 MP: 6/6
  3304 | D:3      | Noticed an ogre
  4335 | D:3      | Reached XP level 5. HP: 32/32 MP: 7/7
  4713 | D:4      | Reached XP level 6. HP: 37/37 MP: 8/8
  4841 | D:4      | Found a large runed translucent door.
  4843 | D:4      | Found a large runed translucent door.
  4843 | D:4      | Noticed an orc warrior
  4859 | D:4      | Found a large runed translucent door.
  4860 | D:4      | Found a large runed translucent door.
  5707 | D:5      | Entered Level 5 of the Dungeon
  5915 | D:5      | Found a staircase to the Ecumenical Temple.
  5921 | Temple   | Entered the Ecumenical Temple
  6040 | Temple   | Became a worshipper of Sif Muna the Loreminder
  6040 | Temple   | Reached * piety under Sif Muna
  6040 | Temple   | Reached ** piety under Sif Muna
  6145 | D:5      | Reached skill level 1 in Armour
  6363 | D:5      | Reached XP level 7. HP: 31/41 MP: 9/9
  6648 | D:5      | Got a jewelled ring mail
  6678 | D:5      | Identified the cursed +1 ring mail of Rimurgh {rPois rC+
                  | rCorr Slay-6} (You found it on level 5 of the Dungeon)
  7213 | D:5      | Killed from afar by an orc wizard

Levels and vault maps discovered:
D:1:      mrwooster_arrival_statue, layout_basic
D:2:      minmay_roachtagon, layout_loops_corners, kiku_gazebo_garden_becter,
          marbit_many_paths, lemuel_round_altar, minmay_tree_intersection
D:3:      layout_basic, first_ration
D:4:      layout_cave_pools, minmay_hollow_rounded_squares
D:5:      layout_cave_pools, minmay_temple_entry_nine_rooms
D:6:      layout_layer_cave, dk_noncrumbling_3, nemelex_diamond_rough_becter
Temple:   dshaligram_water_room_temple

Skill      XL: |  1  2  3  4  5  6 |
---------------+-------------------+-----
Long Blades    | 3 4 |  4.2
Stealth        | 3 4 |  4.8
Slings         | 1 2 3 |  3.1
Dodging        | 4 |  4.6
Fighting       | 3 |  3.4
Armour         | 1 |  1.5
Bows           | |  0.9

Action                   |  1- 3 |  4- 6 |  7- 9 || total
-------------------------+-------+-------+-------++-------
Melee: Falchion          |    93 |   155 |    40 ||   288
 Fire: Hunting sling     |    55 |    91 |       ||   146
       Shortbow          |       |     6 |    14 ||    20
  Use: Potion            |       |     7 |     1 ||     8
       Scroll            |       |     4 |     2 ||     6
 Stab: Sleeping          |     5 |       |       ||     5
  Eat: Chunk             |     6 |     9 |     1 ||    16
       Ration            |       |     1 |       ||     1
Armor: Robe              |    18 |     6 |       ||    24
       Leather armour    |       |    48 |    14 ||    62
Dodge: Dodged            |   102 |   146 |    33 ||   281
       Rpst.: Falchion   |    48 |    38 |    16 ||   102

Table legend:
 A = Non-vault XP
 B = Vault XP
 C = Vault XP percentage of total XP
 D = Non-vault monster count
 E = Vault monster count
 F = Vault count percentage of total count
                 A         B        C        D         E       F
            +---------+---------+-------+---------+---------+-------
      Total |     868 |      18 |   2.0 |      82 |       9 |   9.9
            +---------+---------+-------+---------+---------+-------
        D:1 |      29 |       0 |   0.0 |      13 |       0 |   0.0
        D:2 |      41 |      18 |  30.5 |      18 |       9 |  33.3
        D:3 |     192 |       0 |   0.0 |      23 |       0 |   0.0
        D:4 |     282 |       0 |   0.0 |      18 |       0 |   0.0
        D:5 |     316 |       0 |   0.0 |       8 |       0 |   0.0
        D:6 |       8 |       0 |   0.0 |       2 |       0 |   0.0
            +---------+---------+-------+---------+---------+-------
